[Event "Titled Tuesday Blitz December 20 Late 2022"]
[White "Matinian, Nikita"]
[Black "Urbina Perez, Juan Antonio"]
[WhiteFideId "24129100"]
[BlackFideId "2217368"]
[WhiteElo "2422"]
[BlackElo "2197"]
[Result "1/2-1/2"]
[Round "05"]
[TimeControl "180+1"]
[Date "2022.12.21"]
[WhiteClock "0:00:06"]
[BlackClock "0:00:11"]

1. e4 c5 2. Nf3 d6 3. d4 cxd4 4. Nxd4 Nf6 5. Nc3 Nc6 6. Bc4 Qb6 7. Nxc6 bxc6 8. O-O g6 9. Qe1 Qc7 10. Bf4 Nd7 11. Qe3 Bg7 12. Bh6 O-O 13. Bxg7 Kxg7 14. Kh1 a5 15. f4 Ba6 16. Bxa6 Rxa6 17. Nd1 Qb6 18. Qh3 Ra7 19. b3 Qd4 20. Nf2 a4 21. Rad1 Qc5 22. c4 axb3 23. axb3 Nf6 24. e5 dxe5 25. Nd3 Qb6 26. fxe5 Ne4 27. Qf3 Ng5 28. c5 Qb5 29. Qg3 Ne6 30. b4 Ra3 31. Rf3 Qa4 32. Rdf1 Ra1 33. h3 Rxf1+ 34. Rxf1 Qb3 35. Kh2 Qd5 36. Nf4 Qxe5 37. Nxe6+ Qxe6 38. Qc3+ Kg8 39. Re1 Qd7 40. Qe5 e6 41. Re4 Rd8 42. Rf4 Qd5 43. Qc7 Rd7 44. Qb8+ Kg7 45. Rf3 h5 46. Qf4 Qd4 47. Qxd4+ Rxd4 48. Rb3 Rc4 49. Kg3 f5 50. Kf3 Kf6 51. Ke3 e5 52. Kd3 Rd4+ 53. Kc3 Rd5 54. Kc4 Rd4+ 55. Kc3 Ke6 56. b5 cxb5 57. Rxb5 Kd5 58. Rb6 Rc4+ 59. Kd3 Rxc5 60. Rxg6 Ra5 61. Rg5 Ra3+ 62. Ke2 Ke4 63. Rxh5 Ra2+ 64. Kf1 f4 65. Kg1 Kd4 66. Rf5 Ke4 67. Rf6 Ke3 68. h4 e4 69. h5 Ra5 70. h6 Rh5 71. Ra6 f3 72. gxf3 exf3 73. Ra3+ Kf4 74. Ra4+ Kg3 75. Ra3 Rxh6 76. Ra2 Rb6 77. Rg2+ Kf4 78. Rg8 Rb1+ 79. Kf2 Rb2+ 80. Kf1 Ke3 81. Re8+ Kf4 82. Rf8+ Ke3 83. Re8+ Kf4 84. Rf8+ Ke3 85. Re8+ 1/2-1/2


[Site "https://www.chess.com"]

[Event "Titled Tuesday Blitz December 20 Late 2022"]
[White "Mekhitarian, Krikor Sevag"]
[Black "Renjith, Sravan"]
[WhiteFideId "2107660"]
[BlackFideId "4306783"]
[WhiteElo "2604"]
[BlackElo "2072"]
[Result "1/2-1/2"]
[Round "05"]
[TimeControl "180+1"]
[Date "2022.12.20"]
[WhiteClock "0:00:15"]
[BlackClock "0:00:08"]

1. e4 e5 2. Nf3 Nf6 3. d3 Nc6 4. c3 Bc5 5. Be2 O-O 6. b4 Bb6 7. Nbd2 d6 8. a4 a5 9. b5 Ne7 10. Nc4 Bc5 11. O-O c6 12. d4 exd4 13. cxd4 Ba7 14. Qc2 Nxe4 15. b6 Bb8 16. Qxe4 d5 17. Qb1 dxc4 18. Bxc4 Bf5 19. Qb3 Nd5 20. Ba3 Re8 21. Rfe1 Be6 22. Bc5 Qf6 23. Ne5 Nf4 24. Bxe6 Qxe6 25. Qxe6 Nxe6 26. Nc4 Bf4 27. g3 Bg5 28. Nd6 Reb8 29. f4 Be7 30. Ne4 Bxc5 31. Nxc5 Nxc5 32. dxc5 Kf8 33. Re5 Rd8 34. Rae1 Rd7 35. Kg2 Rad8 36. Kh3 Rd5 37. Re7 R5d7 38. Rxd7 Rxd7 39. Re4 Rd5 40. Rc4 Ke7 41. Kg4 f5+ 42. Kg5 Kf7 43. h3 Ke6 44. Rc1 Rd4 45. Re1+ Re4 46. Ra1 Re3 47. g4 fxg4 48. hxg4 Rc3 49. Re1+ Kf7 50. Re5 Rc4 51. f5 h6+ 52. Kh5 Rxa4 53. Re6 Ra1 54. Kh4 Rd1 55. Re4 Rd5 56. Rc4 Kf6 57. Rc1 a4 58. Rc4 a3 59. Ra4 Rxc5 60. Rxa3 Rb5 61. Ra8 Rxb6 62. Rf8+ Ke7 63. Rc8 Rb5 64. Kh5 Kf7 65. Rc7+ Kf6 66. Rc8 Rb1 67. Rf8+ Ke7 68. Rc8 Kf7 69. Kh4 Rc1 70. Rc7+ Kf6 71. Rxb7 c5 72. Rb6+ Ke5 73. Rg6 Kf4 74. Kh3 Rc3+ 75. Kh2 Rc2+ 76. Kh3 Rc3+ 77. Kh4 Rc1 78. Kh3 Rc3+ 1/2-1/2


[Site "https://www.chess.com"]

[Event "Titled Tuesday Blitz December 20 Late 2022"]
[White "Melian, Juan Sebastian"]
[Black "Lacasa Diaz, Jose Antonio"]
[WhiteFideId "3706575"]
[BlackFideId "2203375"]
[WhiteElo "2044"]
[BlackElo "2338"]
[Result "0-1"]
[Round "05"]
[TimeControl "180+1"]
[Date "2022.12.21"]
[WhiteClock "0:02:22"]
[BlackClock "0:02:26"]

1. Nf3 d5 2. c4 e6 3. e3 c5 4. cxd5 exd5 5. d4 Nc6 6. Be2 Nf6 7. O-O c4 8. b3 cxb3 9. Qxb3 Be7 10. Ba3 O-O 11. Bxe7 Qxe7 12. Nc3 Be6 13. Rab1 Rab8 14. Qa3 Qxa3 0-1


[Site "https://www.chess.com"]

[Event "Titled Tuesday Blitz December 20 Late 2022"]
[White "Mikhailov, Viacheslav"]
[Black "Pein, Jonathan"]
[WhiteFideId "4187369"]
[BlackFideId "417092"]
[WhiteElo "2381"]
[BlackElo "2225"]
[Result "1-0"]
[Round "05"]
[TimeControl "180+1"]
[Date "2022.12.21"]
[WhiteClock "0:01:44"]
[BlackClock "0:01:25"]

1. d4 Nf6 2. Nf3 b6 3. Bf4 Bb7 4. e3 e6 5. Bd3 c5 6. O-O d6 7. c3 Nbd7 8. Nbd2 Be7 9. a4 Nh5 10. Bg3 Nxg3 11. hxg3 a6 12. Qe2 O-O 13. Rfd1 Qc7 14. Nf1 e5 15. Bf5 Rad8 16. Bxd7 Rxd7 17. dxe5 Bxf3 18. Qxf3 dxe5 19. Rxd7 Qxd7 20. Qe2 Qb7 21. Rd1 Rd8 22. Rxd8+ Bxd8 23. Nd2 b5 24. axb5 axb5 25. Qd3 Be7 26. c4 bxc4 27. Nxc4 g6 28. e4 Kg7 29. b3 Bf6 30. Nd6 Qe7 31. Qd5 Qd8 32. Qxf7+ Kh6 33. Qe6 Qe7 34. Qxe7 Bxe7 35. Nf7+ Kg7 36. Nxe5 Kf6 37. Nc4 g5 38. f4 Bd8 39. Kf2 Bc7 40. Kf3 h5 41. e5+ Kf5 42. Ne3+ Ke6 43. Ke4 gxf4 44. gxf4 Ba5 45. f5+ Ke7 46. Nd5+ Kf7 47. e6+ Ke8 48. f6 h4 49. Kf5 Bd2 50. Kg6 h3 51. f7+ Kf8 52. e7# 1-0


[Site "https://www.chess.com"]

[Event "Titled Tuesday Blitz December 20 Late 2022"]
[White "Movahed, Sina"]
[Black "Moreno Perez, Tobias Sebastian"]
[WhiteFideId "42520835"]
[BlackFideId "186716"]
[WhiteElo "2225"]
[BlackElo "2259"]
[Result "1-0"]
[Round "05"]
[TimeControl "180+1"]
[Date "2022.12.21"]
[WhiteClock "0:02:23"]
[BlackClock "0:01:48"]

1. e4 c6 2. Nf3 d5 3. Nc3 dxe4 4. Nxe4 Nf6 5. Qe2 Nxe4 6. Qxe4 Nd7 7. Bc4 Nf6 8. Qe2 Bf5 9. d4 e6 10. c3 Bd6 11. Ne5 O-O 12. g4 Be4 13. Rg1 c5 14. g5 cxd4 15. gxf6 Qxf6 16. Nd7 Qf5 17. Rg5 1-0


[Site "https://www.chess.com"]

[Event "Titled Tuesday Blitz December 20 Late 2022"]
[White "Muhammad, Shahzeb"]
[Black "Megalios, Konstantinos"]
[WhiteFideId "7804806"]
[BlackFideId "4238044"]
[WhiteElo "2397"]
[BlackElo "2277"]
[Result "1/2-1/2"]
[Round "05"]
[TimeControl "180+1"]
[Date "2022.12.21"]
[WhiteClock "0:00:12"]
[BlackClock "0:00:10"]

1. e4 g6 2. d4 Bg7 3. Nc3 d6 4. Be3 a6 5. Qd2 b5 6. f3 Nd7 7. Nh3 Nb6 8. Nf4 Nf6 9. d5 O-O 10. h4 Bb7 11. h5 c6 12. hxg6 hxg6 13. Qf2 Nbd7 14. dxc6 Bxc6 15. Qh4 Re8 16. O-O-O b4 17. Ncd5 e5 18. Nxf6+ Qxf6 19. Qxf6 Nxf6 20. Nh3 d5 21. exd5 Nxd5 22. Bc5 Rac8 23. Bc4 Nc7 24. Bxb4 e4 25. fxe4 Rxe4 26. b3 Ne6 27. Rhe1 Nd4 28. Rxe4 Bxe4 29. Rf1 Nf5 30. g4 Ne3 31. Bxf7+ Kh8 32. Rf2 Rxc2+ 33. Rxc2 Nxc2 34. Ng5 Bd3 35. Bd2 Nd4 36. Ne6 Ne2+ 37. Kd1 Be5 38. Ke1 Bg3+ 39. Kd1 Be5 40. Ng5 Ng3 41. Nf3 Be2+ 42. Ke1 Bxf3 43. Bxg6 Ne4 44. Bf5 Nf6 45. Kf2 Bxg4 46. Bxg4 Nxg4+ 47. Kf3 Nf6 48. Ke3 Kg7 49. Kd3 Kf7 50. Kc4 Bd6 51. b4 Ke7 52. a4 Bc7 53. Bg5 Ke6 54. b5 a5 55. Bd2 Nd7 56. Be3 Kd6 57. Bf4+ Ne5+ 58. Kd4 Ke6 59. Bxe5 Bxe5+ 60. Kc5 Kd7 61. Kb6 Bd4+ 62. Kxa5 Kc7 63. Ka6 Bc3 64. a5 Kb8 65. b6 Bd4 66. Kb5 Be3 67. a6 Bxb6 68. Kxb6 Ka8 69. Ka5 Kb8 70. Kb5 Ka8 71. Ka5 Kb8 72. Kb5 Ka8 73. Ka5 1/2-1/2


[Site "https://www.chess.com"]

[Event "Titled Tuesday Blitz December 20 Late 2022"]
[White "Musovic, Armin"]
[Black "Makridis, Dimitrios"]
[WhiteFideId "939935"]
[BlackFideId "25864475"]
[WhiteElo "2288"]
[BlackElo "2272"]
[Result "1-0"]
[Round "05"]
[TimeControl "180+1"]
[Date "2022.12.21"]
[WhiteClock "0:01:09"]
[BlackClock "0:01:42"]

1. a3 a5 2. Nc3 Nf6 3. e4 e5 4. f4 d5 5. exd5 exf4 6. Bb5+ c6 7. Qe2+ Be7 8. dxc6 bxc6 9. Ba4 O-O 10. Nf3 Bg4 11. O-O Re8 12. d4 Bxf3 13. Qxf3 Qxd4+ 14. Kh1 g5 15. Rd1 Qe5 16. Bxc6 Nxc6 17. Qxc6 Rad8 18. Bd2 Ng4 19. Be1 Rxd1 20. Qxe8+ Bf8 21. Qxe5 Rxa1 22. Qxg5+ Kh8 23. Qh4 Be7 24. Qxe7 1-0


[Site "https://www.chess.com"]

[Event "Titled Tuesday Blitz December 20 Late 2022"]
[White "Nakamura, Hikaru"]
[Black "Bortnyk, Mykola"]
[WhiteFideId "2016192"]
[BlackFideId "14120836"]
[WhiteElo "2909"]
[BlackElo "2582"]
[Result "1-0"]
[Round "05"]
[TimeControl "180+1"]
[Date "2022.12.20"]
[WhiteClock "0:00:36"]
[BlackClock "0:00:16"]

1. c4 e5 2. a3 c6 3. d4 exd4 4. Qxd4 d5 5. Nf3 Nf6 6. e3 Be6 7. Nbd2 Bd6 8. b3 O-O 9. Bb2 Nbd7 10. cxd5 cxd5 11. Bd3 Re8 12. O-O h6 13. Rac1 Qe7 14. Ra1 Bg4 15. h3 Bxf3 16. Nxf3 Ne5 17. Be2 Nxf3+ 18. Bxf3 Be5 19. Qxe5 Qxe5 20. Bxe5 Rxe5 21. Rac1 Re7 22. Rfd1 Rd8 23. Rd4 Kf8 24. g4 Red7 25. Rcd1 Ke7 26. Kg2 b6 27. b4 Ke6 28. R1d2 Rc8 29. R4d3 g5 30. Bd1 Ne4 31. Rc2 Rxc2 32. Bxc2 Ke5 33. Bb3 Nf6 34. Kg3 Ne4+ 35. Kf3 Nf6 36. Ke2 Rc7 37. f3 a5 38. Kd2 axb4 39. axb4 Ra7 40. Rc3 Ra1 41. Rc6 Ne8 42. Rxh6 Rb1 43. Ba4 Nc7 44. Rxb6 d4 45. exd4+ Kxd4 46. Rd6+ Ke5 47. Rd7 Ne6 48. Rxf7 Rxb4 49. Rf5+ Kd4 50. Bc2 Rb2 51. Kc1 Rb8 52. Be4 Rh8 53. Kd2 Rxh3 54. Rd5+ Kc4 55. Re5 Nd4 56. Bd5+ Kc5 57. Kd3 Rh1 58. Be4+ Kd6 59. Rd5+ Ke6 60. Rxd4 1-0


[Site "https://www.chess.com"]

[Event "Titled Tuesday Blitz December 20 Late 2022"]
[White "Novik, Maxim"]
[Black "Goryachkina, Aleksandra"]
[WhiteFideId "4102924"]
[BlackFideId "4147103"]
[WhiteElo "2291"]
[BlackElo "2484"]
[Result "0-1"]
[Round "05"]
[TimeControl "180+1"]
[Date "2022.12.21"]
[WhiteClock "0:00:11"]
[BlackClock "0:00:15"]

1. e4 c5 2. Nf3 e6 3. g3 Nc6 4. Bg2 Nf6 5. d3 d6 6. O-O Be7 7. c3 O-O 8. Re1 Bd7 9. d4 cxd4 10. cxd4 d5 11. e5 Ne4 12. Be3 Rc8 13. Re2 Nb4 14. Ne1 Bb5 15. Bxe4 dxe4 16. Rd2 Nd5 17. Nc3 Nxc3 18. bxc3 Rxc3 19. d5 exd5 20. Rxd5 Qe8 21. Bxa7 Bc6 22. Rd2 Bg5 23. Rb2 e3 24. f4 Be7 25. Bd4 Rc4 26. Bxe3 Qc8 27. Rc1 Rxc1 28. Qxc1 Ba3 29. Nd3 Rd8 30. Qc2 Rxd3 31. Qxd3 Bxb2 32. Qb3 Qd7 33. Qxb2 Qd1+ 34. Kf2 Qf3+ 35. Ke1 Qxe3+ 36. Qe2 Qg1+ 37. Kd2 g6 38. Kc3 Qc5+ 39. Qc4 Qa3+ 40. Qb3 Qc1+ 41. Qc2 Qe1+ 42. Qd2 Qxd2+ 43. Kxd2 Kf8 44. Ke3 Ke7 45. g4 Ke6 46. h4 h5 47. f5+ Kxe5 0-1


[Site "https://www.chess.com"]

[Event "Titled Tuesday Blitz December 20 Late 2022"]
[White "Novikova, Galina"]
[Black "Blanco Acevedo, Cristobal Jose"]
[WhiteFideId "4157095"]
[BlackFideId "3900525"]
[WhiteElo "1953"]
[BlackElo "2273"]
[Result "0-1"]
[Round "05"]
[TimeControl "180+1"]
[Date "2022.12.21"]
[WhiteClock "0:00:15"]
[BlackClock "0:00:05"]

1. e4 c5 2. Nf3 Nc6 3. d4 cxd4 4. Nxd4 Nf6 5. Nc3 e5 6. Ndb5 d6 7. Bg5 a6 8. Na3 b5 9. Bxf6 gxf6 10. Nd5 f5 11. g3 fxe4 12. Bg2 Be6 13. Bxe4 Rc8 14. c3 Bg7 15. Qh5 h6 16. Rd1 O-O 17. Bf5 Ne7 18. Nxe7+ Qxe7 19. O-O Rc5 20. Bxe6 fxe6 21. Nc2 a5 22. Ne3 e4 23. Qe2 d5 24. Rd2 a4 25. a3 Rf3 26. Nc2 Rc4 27. Nd4 Bxd4 28. Rxd4 Qc5 29. Rxc4 Qxc4 30. Qd1 Qd3 31. Kg2 Qxd1 32. Rxd1 Kf7 33. Rd4 Rd3 34. Rb4 Rd2 35. Kf1 e5 36. Rxb5 Ke6 37. Rb6+ Kf5 38. Ke1 Rc2 39. Rd6 e3 40. fxe3 Ke4 41. Rb6 Kxe3 42. Kd1 Rxh2 43. b3 Kd3 44. Kc1 Kxc3 45. Kd1 axb3 46. a4 b2 47. a5 Rh1+ 48. Ke2 b1=Q 49. Rc6+ Kd4 50. Rb6 Qe4+ 51. Kf2 Qe3+ 52. Kg2 Re1 53. Rb4+ Kc3 54. Ra4 Re2+ 55. Kh3 Qf2 56. Ra3+ Kb4 57. Rd3 Qg2+ 58. Kg4 e4 59. Rd4+ Kc3 60. Rd1 Qf3+ 61. Kh4 Rg2 62. Rc1+ Kd2 63. Ra1 Qxg3+ 64. Kh5 Qg5# 0-1


[Site "https://www.chess.com"]

[Event "Titled Tuesday Blitz December 20 Late 2022"]
[White "Olsen, Filip Boe"]
[Black "Eljanov, Pavel"]
[WhiteFideId "1440640"]
[BlackFideId "14102951"]
[WhiteElo "2333"]
[BlackElo "2598"]
[Result "1/2-1/2"]
[Round "05"]
[TimeControl "180+1"]
[Date "2022.12.20"]
[WhiteClock "0:00:16"]
[BlackClock "0:00:08"]

1. d4 Nf6 2. c4 e6 3. Nf3 b6 4. g3 Bb7 5. Bg2 Bb4+ 6. Bd2 Be7 7. O-O O-O 8. Nc3 c6 9. e4 d5 10. cxd5 cxd5 11. e5 Ne4 12. Rc1 Ba6 13. Re1 Nxd2 14. Qxd2 Qd7 15. h4 Nc6 16. Bf1 Bxf1 17. Kxf1 Rac8 18. Kg2 Na5 19. Qd3 Nc4 20. b3 Na5 21. Ng5 g6 22. Nf3 h6 23. Ne2 Rxc1 24. Rxc1 Rc8 25. Rc2 Rxc2 26. Qxc2 Qc6 27. Qxc6 Nxc6 28. Kf1 Nb4 29. Nc3 a6 30. Ke2 b5 31. Ne1 Nc6 32. Ke3 Bb4 33. Kd3 Kg7 34. Nc2 Be7 35. a4 b4 36. Nd1 Na5 37. Na1 f6 38. exf6+ Kxf6 39. Ne3 Bf8 40. Ng4+ Kf5 41. Ne5 h5 42. Nd7 Bd6 43. Nc5 Bxc5 44. dxc5 e5 45. Nc2 Nxb3 46. c6 Nc5+ 47. Kd2 Nxa4 48. Nxb4 Nb6 49. c7 Ke6 50. Nxa6 Kd7 51. f4 e4 52. Kc3 Kc8 53. Kd4 Kb7 54. Nc5+ Kxc7 55. Nxe4 dxe4 56. Kxe4 Nc4 57. Kd5 Ne3+ 58. Ke6 Nf5 59. Kf6 Nxg3 60. Kxg6 Kd7 61. f5 Ke7 62. Kg5 Kf7 63. Kf4 Ne2+ 64. Kg5 Ng3 65. Kf4 Nh1 66. Kg5 Nf2 67. Kxh5 Kf6 68. Kh6 Ng4+ 69. Kh7 Kf7 70. f6 Nxf6+ 71. Kh6 Ne4 72. Kh5 Nf6+ 73. Kg5 Kg7 74. Kf4 Kg6 75. h5+ Nxh5+ 1/2-1/2


[Site "https://www.chess.com"]

[Event "Titled Tuesday Blitz December 20 Late 2022"]
[White "Pappelis, Dimitrios"]
[Black "Yeritsyan, Hayk"]
[WhiteFideId "4215281"]
[BlackFideId "13307320"]
[WhiteElo "2104"]
[BlackElo "2403"]
[Result "0-1"]
[Round "05"]
[TimeControl "180+1"]
[Date "2022.12.21"]
[WhiteClock "0:00:03"]
[BlackClock "0:01:23"]

1. e4 c6 2. d3 d5 3. Nf3 Bg4 4. Be2 dxe4 5. dxe4 Qxd1+ 6. Bxd1 Bxf3 7. Bxf3 Nd7 8. Nc3 e5 9. O-O Bc5 10. a3 Ne7 11. Bg4 O-O-O 12. Be3 Bxe3 13. fxe3 f6 14. Rad1 Kc7 15. Rf2 Nb6 16. b3 Rxd1+ 17. Nxd1 Rd8 18. Kf1 Nd7 19. Bxd7 Rxd7 20. Ke1 Rd6 21. Rd2 Rxd2 22. Kxd2 Kd6 23. c4 a5 24. Kc3 Ng6 25. g3 Nf8 26. b4 axb4+ 27. axb4 Ne6 28. h4 c5 29. b5 Nd8 30. Nf2 Nf7 31. Kd3 Kc7 32. Kc3 Nd6 33. Kd3 Kb6 34. h5 h6 35. Kc3 Ka5 36. Kb3 Kb6 37. g4 Ka5 38. Kc3 Ka4 39. Kd3 Kb4 40. g5 hxg5 41. Ng4 Nxc4 42. h6 gxh6 43. Nxh6 Nd6 44. Ng4 Ne8 45. Kd2 Kxb5 46. Kc3 Kc6 47. Kc4 b5+ 48. Kc3 0-1


[Site "https://www.chess.com"]

[Event "Titled Tuesday Blitz December 20 Late 2022"]
[White "Peatman, Carter"]
[Black "Bas Mas, Jose Joaquin"]
[WhiteFideId "2096480"]
[BlackFideId "22219064"]
[WhiteElo "2439"]
[BlackElo "2233"]
[Result "0-1"]
[Round "05"]
[TimeControl "180+1"]
[Date "2022.12.21"]
[WhiteClock "0:00:32"]
[BlackClock "0:00:03"]

1. d4 f5 2. Bf4 Nf6 3. e3 e6 4. Nf3 Be7 5. h3 b6 6. c4 Bb7 7. Nc3 O-O 8. Bd3 Ne4 9. O-O Na6 10. Bh2 Bf6 11. Nd2 Nxc3 12. bxc3 c5 13. Rc1 Qe8 14. e4 cxd4 15. e5 dxc3 16. exf6 cxd2 17. fxg7 dxc1=Q 18. gxf8=Q+ Qxf8 19. Qxc1 Qg7 20. Bg3 Nc5 21. Rd1 Rf8 22. Bf1 Ne4 23. Bf4 Qf7 24. Qa3 a6 25. Qb2 Bc6 26. Qxb6 Nc3 27. Rc1 Qg7 28. Qc5 Ne2+ 29. Kh2 Nxf4 30. g3 Ng6 31. Rd1 f4 32. g4 Ne5 33. Be2 f3 34. Bf1 Qf6 35. Rd4 Ng6 36. Kg1 Qe5 37. Qa7 Nf4 38. Rd1 Ne2+ 39. Kh1 Ng3+ 40. fxg3 Qxg3 41. Rd6 f2+ 42. Rxc6 Qg1# 0-1


[Site "https://www.chess.com"]

[Event "Titled Tuesday Blitz December 20 Late 2022"]
[White "Perske, Thore"]
[Black "Myers, Dominique"]
[WhiteFideId "12902195"]
[BlackFideId "2041715"]
[WhiteElo "2336"]
[BlackElo "1953"]
[Result "0-1"]
[Round "05"]
[TimeControl "180+1"]
[Date "2022.12.21"]
[WhiteClock "0:00:33"]
[BlackClock "0:01:07"]

1. e4 e5 2. Nf3 Nc6 3. Bb5 a6 4. Ba4 Nf6 5. O-O Be7 6. Bxc6 dxc6 7. d3 Nd7 8. Nc3 c5 9. a4 Bd6 10. Nd2 Nb8 11. Nc4 Nc6 12. f4 exf4 13. Bxf4 Bxf4 14. Rxf4 O-O 15. Qh5 b6 16. Raf1 Be6 17. Nd5 Bxd5 18. exd5 Nd4 19. Rxf7 Rxf7 20. Qxf7+ Kh8 21. c3 Ne2+ 22. Kh1 h6 23. Qe6 Qe8 24. Qxe8+ Rxe8 25. g3 b5 26. axb5 axb5 27. Na3 b4 28. cxb4 cxb4 29. Nc4 Rd8 30. Ne3 Re8 31. Nc2 b3 32. Nb4 Rb8 33. Nc6 Rb5 34. Ne7 Rc5 35. Rf8+ Kh7 36. Rb8 Nd4 37. Nc6 Nf3 38. Rxb3 Rc2 0-1


[Site "https://www.chess.com"]

[Event "Titled Tuesday Blitz December 20 Late 2022"]
[White "Poliakova, Varvara"]
[Black "Dzierzak, Radoslaw"]
[WhiteFideId "13518313"]
[BlackFideId "1161407"]
[WhiteElo "2075"]
[BlackElo "2111"]
[Result "1-0"]
[Round "05"]
[TimeControl "180+1"]
[Date "2022.12.21"]
[WhiteClock "0:01:07"]
[BlackClock "0:00:08"]

1. e4 c6 2. d4 d5 3. Nd2 dxe4 4. Nxe4 Bf5 5. Ng3 Bg6 6. h4 h6 7. Nh3 Nf6 8. Nf4 Bh7 9. Bc4 e6 10. Nfh5 Nxh5 11. Nxh5 Nd7 12. c3 Nf6 13. Nf4 Bd6 14. Qf3 Qc7 15. Nh5 Nxh5 16. Qxh5 O-O-O 17. Be3 e5 18. dxe5 Bxe5 19. Qxf7 Rhf8 20. Qxc7+ Kxc7 21. O-O b6 22. Rfd1 Rxd1+ 23. Rxd1 c5 24. Kf1 Bf4 25. Bxf4+ Rxf4 26. Be6 Rxh4 27. Rd7+ Kc6 28. Rxg7 Bd3+ 29. Ke1 Re4+ 30. Kd2 c4 31. Bd7+ Kd6 32. Bg4 a5 33. Bf3 Re6 34. Rb7 Ke5 35. b3 Rd6 36. Kc1 cxb3 37. axb3 Ba6 38. Rh7 b5 39. Ra7 a4 40. bxa4 bxa4 41. Kb2 Bb5 42. Ra5 a3+ 43. Kxa3 Ra6 44. Kb4 Rxa5 45. Kxa5 Bf1 46. Kb4 Kd6 47. c4 Kc7 48. c5 Bd3 49. Kc3 Bf5 50. Kd4 Bd7 51. Ke5 h5 52. Bxh5 Kc6 53. Kd4 1-0


[Site "https://www.chess.com"]

[Event "Titled Tuesday Blitz December 20 Late 2022"]
[White "Polster, Christian"]
[Black "Goncalves, Davi Sulzbacher"]
[WhiteFideId "12965081"]
[BlackFideId "2154510"]
[WhiteElo "2195"]
[BlackElo "2182"]
[Result "1/2-1/2"]
[Round "05"]
[TimeControl "180+1"]
[Date "2022.12.21"]
[WhiteClock "0:00:19"]
[BlackClock "0:00:08"]

1. e4 c5 2. Nc3 Nc6 3. Nge2 g6 4. d4 cxd4 5. Nxd4 Bg7 6. Be3 Nf6 7. Bc4 O-O 8. Bb3 d6 9. f3 Bd7 10. Qd2 Rc8 11. O-O-O Na5 12. h4 h5 13. Bg5 Rc5 14. Kb1 b5 15. Qe2 Qb6 16. Bxf6 Bxf6 17. Nd5 Rxd5 18. exd5 Bxd4 19. Qxe7 Bf5 20. g4 hxg4 21. h5 Qd8 22. Qxd8 Rxd8 23. Rxd4 gxf3 24. Rf4 Re8 25. hxg6 fxg6 26. Kc1 Re5 27. Rd1 g5 28. Rxf3 Bg4 29. Rfd3 Bxd1 30. Kxd1 Kg7 31. c3 g4 32. Rg3 Rg5 33. Ke2 Kf6 34. Ke3 Nxb3 35. axb3 Ke5 36. c4 Rh5 37. Rxg4 Rh3+ 38. Kd2 Rxb3 39. Kc2 bxc4 40. Rxc4 Rb7 41. b4 Kxd5 42. Rh4 Kc6 43. Kc3 Kb5 44. Rh5+ Kb6 45. Kc4 Rg7 46. Kd5 Rg6 47. Kc4 a6 48. Rf5 Rg4+ 49. Kb3 Rd4 50. Kc3 Re4 51. Rh5 Re1 52. Rg5 Rd1 53. Kc4 Rc1+ 54. Kd4 Rc2 55. Rh5 Kc6 56. Ra5 Kb7 57. Rh5 Kb6 58. Rg5 Rc8 59. Rh5 Rg8 60. Rf5 Rg4+ 61. Kc3 Kc6 62. Ra5 Kb7 63. Rd5 Rg6 64. Kc4 Kb6 65. Rh5 Rg4+ 66. Kc3 Kc6 67. Ra5 Rg3+ 68. Kc4 Kb6 69. Rh5 Rg8 70. Rd5 Rc8+ 71. Kb3 Kc6 72. Ra5 Ra8 73. Kc4 Kd7 74. Rg5 Rc8+ 75. Kd4 Ke6 76. Rg6+ Ke7 77. Rg7+ Kf6 78. Rh7 Rb8 79. Rh6+ Ke7 80. Rh7+ Ke6 81. Kc4 Rc8+ 82. Kd4 Rb8 83. Rh6+ Kd7 84. Rh7+ Kc6 85. Kc4 d5+ 86. Kc3 Kb5 87. Rc7 d4+ 88. Kb3 Kb6 89. Rd7 Kc6 90. Rxd4 Re8 91. Rc4+ Kb5 92. Rc5+ Kb6 93. Rh5 Re3+ 94. Kc4 Re4+ 95. Kc3 Re3+ 96. Kc4 Re4+ 97. Kc3 Re3+ 98. Kd4 Rb3 99. Kc4 Rg3 100. Rh6+ Kb7 101. Kc5 Rg5+ 102. Kc4 Rg4+ 103. Kc5 Rg5+ 104. Kc4 Ka7 105. Rh7+ Kb6 106. Rh6+ Kb7 107. Rh7+ Kb6 108. Rh6+ Ka7 109. Rh7+ Kb8 110. Rh8+ Kc7 111. Rh7+ Kc6 112. Rh6+ Kb7 113. Rh7+ Kc8 114. Rh8+ Kc7 115. Rh7+ Kb8 116. Rh6 Kb7 1/2-1/2


[Site "https://www.chess.com"]

[Event "Titled Tuesday Blitz December 20 Late 2022"]
[White "Przybylski, Wojciech"]
[Black "Jumabayev, Rinat"]
[WhiteFideId "1117599"]
[BlackFideId "13702661"]
[WhiteElo "2217"]
[BlackElo "2584"]
[Result "1/2-1/2"]
[Round "05"]
[TimeControl "180+1"]
[Date "2022.12.21"]
[WhiteClock "0:00:05"]
[BlackClock "0:00:09"]

1. e4 e6 2. d4 d5 3. Nc3 Nf6 4. Bg5 dxe4 5. Nxe4 Be7 6. Bxf6 gxf6 7. Nc3 a6 8. g3 Nc6 9. Nge2 e5 10. d5 Na5 11. Qd3 f5 12. O-O-O Qd6 13. Kb1 Bd7 14. Nc1 b5 15. f3 Nc4 16. Bh3 Qg6 17. Rhe1 h5 18. Nb3 Bd6 19. Nd4 h4 20. Bxf5 Bxf5 21. Qxf5 hxg3 22. Qxg6 fxg6 23. hxg3 Kd7 24. Nc6 Rh2 25. Ne4 Rf8 26. Rd3 a5 27. Kc1 a4 28. a3 Rfh8 29. Nc3 Rg2 30. Nxb5 Rhh2 31. Rc3 Nb6 32. Rd1 Rxg3 33. Kb1 Rf2 34. Nxd6 Kxd6 35. Nb4 Kd7 36. d6 cxd6 37. Rc6 Nc8 38. Rc4 Rgxf3 39. Nd5 Rf1 40. Rxf1 Rxf1+ 41. Ka2 Rf8 42. Rc7+ Ke6 43. Ne3 Ne7 44. Ra7 Rf4 45. b3 axb3+ 46. cxb3 g5 47. a4 g4 48. a5 g3 49. a6 Rf3 50. Rb7 Rxe3 51. a7 g2 52. a8=Q g1=Q 53. Rxe7+ Kxe7 54. Qb7+ Ke6 55. Qc8+ Ke7 56. Qc7+ Ke6 57. Qc8+ Kf6 58. Qf8+ Ke6 59. Qc8+ 1/2-1/2


[Site "https://www.chess.com"]

[Event "Titled Tuesday Blitz December 20 Late 2022"]
[White "Radovanovic, Dusan"]
[Black "Liu, Kelsey"]
[WhiteFideId "926868"]
[BlackFideId "30944481"]
[WhiteElo "2337"]
[BlackElo "2300"]
[Result "1-0"]
[Round "05"]
[TimeControl "180+1"]
[Date "2022.12.21"]
[WhiteClock "0:00:04"]
[BlackClock "0:00:01"]

1. e4 c5 2. Nf3 e6 3. d4 cxd4 4. Nxd4 Nc6 5. Nc3 Nf6 6. Be2 Bb4 7. Nxc6 bxc6 8. O-O O-O 9. e5 Nd5 10. Ne4 Qc7 11. Nd6 f6 12. a3 Bc5 13. b4 Bb6 14. Bb2 Nf4 15. Bf3 Ba6 16. c4 Qd8 17. exf6 gxf6 18. Qd2 e5 19. Rfe1 Rb8 20. Be4 Qe7 21. Bf5 Qg7 22. g3 Qg5 23. Kh1 Nh3 24. Qxg5+ Nxg5 25. Kg2 Rfd8 26. Rac1 c5 27. b5 Bb7+ 28. Nxb7 Rxb7 29. h4 Nf7 30. Rcd1 d6 31. Bc3 Re7 32. a4 Nh6 33. Be4 f5 34. Bd5+ Kf8 35. a5 Bc7 36. Rb1 Rb8 37. Bd2 Ng4 38. Rb3 Nf6 39. Reb1 Nxd5 40. cxd5 Bd8 41. b6 axb6 42. axb6 Reb7 43. Ba5 Ra8 44. Rb5 Ke7 45. Kf3 Kd7 46. g4 fxg4+ 47. Kxg4 Be7 48. Kf5 Rf8+ 49. Kg4 Rxf2 50. Kg3 Rf4 51. Bd2 Rf7 52. Bg5 Rg7 53. Kh3 Bxg5 54. hxg5 Rxg5 55. Ra5 Rg8 56. Ra2 Rgb8 57. Rg2 Rxb6 58. Rg7+ Kc8 59. Rf1 Rb3+ 60. Kh4 R8b4+ 61. Kh5 Rh3+ 62. Kg5 Rg3+ 63. Kf6 Rxg7 64. Kxg7 h5 65. Kf6 Kc7 66. Ke6 h4 67. Rf7+ Kb6 68. Kxd6 h3 69. Rh7 Re4 70. Ke6 c4 71. d6 Rd4 72. Kxe5 Rd3 73. Ke6 1-0


[Site "https://www.chess.com"]

[Event "Titled Tuesday Blitz December 20 Late 2022"]
[White "Rangel, Daniel"]
[Black "Gilmanov, Mansur"]
[WhiteFideId "2124475"]
[BlackFideId "4166868"]
[WhiteElo "2225"]
[BlackElo "2377"]
[Result "1-0"]
[Round "05"]
[TimeControl "180+1"]
[Date "2022.12.21"]
[WhiteClock "0:00:03"]
[BlackClock "0:00:01"]

1. d4 d5 2. c4 e6 3. Nc3 c6 4. cxd5 cxd5 5. Bf4 Nc6 6. e3 Bd6 7. Bxd6 Qxd6 8. Nf3 Nf6 9. Bd3 O-O 10. O-O Bd7 11. a3 Rac8 12. Nb5 Qb8 13. Rc1 a6 14. Nc3 Na5 15. Ne5 Nc4 16. Bxc4 dxc4 17. Ne4 Rfd8 18. Nxf6+ gxf6 19. Qg4+ Kf8 20. Nxc4 Bb5 21. b3 Ke7 22. Qh4 Rg8 23. Rfd1 Rg5 24. Nb6 Rcg8 25. g3 Bc6 26. d5 exd5 27. Qb4+ Qd6 28. Qxd6+ Kxd6 29. Nc4+ Ke6 30. Na5 Rc8 31. b4 h5 32. h4 Rg4 33. Rc5 Kd7 34. Rdc1 Re4 35. Kf1 Re6 36. a4 d4 37. exd4 Rce8 38. Nxb7 Bxb7 39. Rc7+ Kd6 40. Rxb7 Kd5 41. b5 axb5 42. Rxb5+ Kxd4 43. Rxh5 Kd3 44. Rf5 Kd2 45. Rcc5 Re1+ 46. Kg2 Ra1 47. Rxf6 Re7 48. a5 Ke1 49. h5 Re8 50. h6 Ra2 51. h7 Rh8 52. Rh6 Rxf2+ 53. Kh3 Rf1 54. Kg4 Rg1 55. Rg5 Kf2 56. Kf5 Ra1 57. Rg8 Rxa5+ 58. Ke4 Ra4+ 59. Kd5 Ra5+ 60. Kc4 Rxh7 61. Rxh7 f5 62. Rf7 Kf3 63. g4 f4 64. g5 Kg2 65. g6 f3 66. g7 f2 67. Rgf8 Ra4+ 68. Kb3 Rg4 69. Rxf2+ Kh1 70. g8=Q Rb4+ 71. Kc3 Rg4 72. Qh8+ Kg1 73. Qh2# 1-0


[Site "https://www.chess.com"]